 Dungeon Crawl Stone Soup version 0.31-a0-626-g8143ab4f1d (webtiles) character file.

Game seed: 11704704566046410757

695 RepHenryClay the Conjurer (level 7, -6/36 HPs)
             Began as a Deep Elf Hedge Wizard on Aug 24, 2023.
             Was an Initiate of Vehumet.
             Mangled by a sleepcap (18 damage)
             ... on level 5 of the Dungeon on Aug 25, 2023.
             The game lasted 00:08:48 (5030 turns).

RepHenryClay the Conjurer (Deep Elf Hedge Wizard)   Turns: 5030, Time: 00:08:48

Health: -6/36      AC:  3    Str:  7    XL:     7   Next: 37%
Magic:  16/16      EV:  2    Int: 21    God:    Vehumet [......]
Gold:   225        SH:  0    Dex: 14    Spells: 8/16 levels left

rFire   . . .        a - +2 dagger (venom)
rCold   . . .        (no shield)
rNeg    . . .        b - +0 robe
rPois   .            v - +0 helmet
rElec   .            (no cloak)
rCorr   +            (no gloves)
SInv    .            (no boots)
Will    .....        c - amulet of magic regeneration
Stlth   ++           m - ring of wizardry
HPRegen 0.26/turn    t - ring of resist corrosion
MPRegen 0.55/turn

%: wizardry (x1)
@: sleeping
A: no striking features
a: Renounce Religion


You were on level 5 of the Dungeon.
You worshipped Vehumet.
Vehumet was noncommittal.
You visited 2 branches of the dungeon, and saw 6 of its levels.

You collected 225 gold pieces.

Inventory:

Hand Weapons
 a - a +2 dagger of venom (weapon)
 i - a +2 dagger of protection
 j - a +0 dagger
 q - a +0 short sword of electrocution
Armour
 b - a +0 robe (worn)
 v - a +0 helmet (worn)
Jewellery
 c - an amulet of magic regeneration (around neck)
 m - a ring of wizardry (left hand)
 r - a ring of protection from cold
 t - a ring of resist corrosion (right hand)
Scrolls
 f - 2 scrolls of teleportation {unknown}
 g - 4 scrolls of identify {unknown}
 k - a scroll of acquirement {unknown}
 p - a scroll of immolation {unknown}
 u - a scroll of vulnerability {unknown}
Potions
 d - a potion of magic
 e - 2 potions of attraction {unknown}
 h - a potion of mutation {unknown}
 l - a potion of heal wounds {unknown}
 n - 2 potions of lignification {unknown}
 o - 3 potions of brilliance {unknown}
 s - 3 potions of curing {unknown}


   Skills:
 * Level 4.0 Dodging
 - Level 2.5 Stealth
 + Level 5.0 Spellcasting
 + Level 6.4 Conjurations
 - Level 1.1 Summonings
 - Level 1.1 Translocations
 - Level 3.0 Air Magic
 - Level 3.0 Poison Magic


You had 8 spell levels left.
You knew the following spells:

 Your Spells              Type           Power      Damage    Failure   Level
a - Magic Dart            Conj           100%       1d8       1%          1
b - Mephitic Cloud        Conj/Pois/Air  22%        N/A       2%          3
c - Cigotuvi's Dreadful   Necr/Pois/Air  26%        N/A       2%          2
Q - Blink                 Tloc           20%        N/A       4%          2

Your spell library contained the following spells:

 Spells                   Type           Power      Damage    Failure   Level
 Shock                    Conj/Air       100%       1d9       1%          1
 Slow                     Hex            20%        N/A       4%          1
 Call Imp                 Summ           20%        N/A       4%          2
 Swiftness                Air            17%        N/A       4%          3
 Airstrike                Air            8%         2d(2-18)  12%         4


Dungeon Overview and Level Annotations

Branches:
Dungeon (5/15)             Temple (1/1) D:4

Altars:
Ashenzari
Cheibriados
Dithmenos
Elyvilon
Fedhas
Gozag
Hepliaklqana
Makhleb
Nemelex Xobeh
Okawaru
Qazlal
Ru
Sif Muna
Trog
Uskayaw
Vehumet
Wu Jian
Xom
Yredelemnul
Zin
The Shining One

Shops:
D:3 ((


Message History

The centaur is engulfed in noxious fumes.
The centaur appears confused.
You hit the centaur.
The centaur is lightly wounded.
The centaur unwields a +0 shortbow.
The centaur closely misses you.
The centaur kicks you but does no damage.
The centaur misses you. x2; The centaur hits itself.
The centaur kicks itself but does no damage.
You hit the centaur but do no damage.
The centaur is moderately wounded.
You hit the centaur but do no damage.
The centaur is poisoned.
The centaur is moderately wounded.
The centaur hits you.
* * * LOW HITPOINT WARNING * * *
The centaur closely misses you.
The centaur hits you but does no damage.
The centaur closely misses you.
Damage: -8%(-3hp) hp: 37%(13hp) Unknown command.
Casting: Mephitic Cloud (dangerous; 2% risk of failure)
Confirm with . or Enter, or press ? or * to list all spells.
You blink.
The centaur hits the sleepcap.
The centaur kicks the sleepcap but does no damage.
You aren't carrying any items that you can evoke.
Unknown command.
Unknown command.
Press: ? - help, v - describe, . - travel
Here: a sleepcap (lightly damaged)
The floor.
You feel stable enough to blink again.
The centaur gestures wildly.
Unknown command.
Found a sedimented golden potion.
The sleepcap releases spores at you!
* * * LOW HITPOINT WARNING * * *
You are engulfed in a cloud of soporific spores!
You fall asleep.
The sleepcap releases spores at you!!
Ouch! That really hurt!
You die...

.## ##..##.........#... ..... ..##
##.................. .....
#..###...#................... .....
##..#........................#.....
#....##...........................
.....######........................
.....# ##...............<........
.....# ##.........................
...... #....>..f@............##...
#.....##.........................#.
.......!.###....##.........###.....
.......## #...## #...)....###..#..
.# #...# #.....##.....###. #...#
#..#..####..## #. #..## #..###..#
##.####. ... #.. ##.## #..##.. ..
#..# ##.....


You could see a sleepcap.

Vanquished Creatures
  Sigmund (D:2)
  A phantom (D:5)
  2 scorpions
  2 hounds (D:4)
  An iguana (D:5)
  Natasha (thrice) (D:4)
  9 adders
  3 worms
  2 dart slugs
  An orc (D:3)
  7 endoplasms
  4 giant cockroaches
  4 goblins
  9 hobgoblins
  5 jackals (D:4)
  7 quokkas
  5 ball pythons
  8 bats
  5 frilled lizards
  10 kobolds
  8 rats
97 creatures vanquished.

Notes
Turn   | Place    | Note
-------+----------+-------------------------------------------
     0 | D:1      | RepHenryClay the Deep Elf Hedge Wizard began the quest for
                  | the Orb.
     0 | D:1      | Reached XP level 1. HP: 10/10 MP: 7/7
   192 | D:1      | Reached skill level 2 in Conjurations
   253 | D:1      | Reached XP level 2. HP: 15/15 MP: 2/9
   601 | D:1      | Found a faded altar of an unknown god.
   680 | D:1      | Reached skill level 3 in Conjurations
  1124 | D:2      | Reached XP level 3. HP: 19/19 MP: 8/10
  1389 | D:2      | Noticed Sigmund
  1479 | D:2      | Learned a level 3 spell: Mephitic Cloud
  1482 | D:2      | Learned a level 2 spell: Cigotuvi's Dreadful Rot
  1485 | D:2      | Learned a level 2 spell: Blink
  1497 | D:2      | Killed Sigmund
  1498 | D:2      | Reached skill level 6 in Conjurations
  1498 | D:2      | Reached XP level 4. HP: 22/24 MP: 6/12
  1498 | D:2      | Reached XP level 5. HP: 26/28 MP: 6/13
  2071 | D:2      | Reached skill level 1 in Poison Magic
  2333 | D:3      | Reached skill level 1 in Air Magic
  2457 | D:3      | Found Pimasui's Antique Weapon Shop.
  2614 | D:3      | Reached XP level 6. HP: 19/32 MP: 10/14
  2815 | D:3      | Found a transporter.
  2847 | D:3      | Found a transporter.
  2847 | D:3      | Found Izang's Weapon Emporium.
  2958 | D:3      | Found Micrun's Magic Scroll Shop.
  3991 | D:4      | Noticed Natasha
  4000 | D:4      | Killed Natasha
  4287 | D:4      | Noticed Natasha
  4297 | D:4      | Killed Natasha
  4377 | D:4      | Found a staircase to the Ecumenical Temple.
  4389 | Temple   | Entered the Ecumenical Temple
  4414 | Temple   | Became a worshipper of Vehumet
  4485 | D:4      | Noticed Natasha
  4495 | D:4      | Killed Natasha
  4496 | D:4      | Reached XP level 7. HP: 34/35 MP: 15/15
  4503 | D:5      | Entered Level 5 of the Dungeon
  4689 | D:5      | Reached skill level 5 in Spellcasting
  5030 | D:5      | Mangled by a sleepcap

Illustrated notes

Levels and vault maps discovered:
D:1:      sevenhm_arrival_forest_fort_large_4, layout_rooms,
          chequers_ecumenical_altar_twisty, chequers_serial_rivers_large_a
D:2:      layout_loops_ring, hangedman_feature_mirror, uniq_sigmund
D:3:      layout_basic, serial_shops, nicolae_shop_rolled_up,
          nicolae_shop_drivethru, shop
D:4:      layout_loops_cross, minmay_temple_entry_fiery, uniq_natasha
D:5:      layout_layer_cave
Temple:   mainiacjoe_temple_hex_bubbles

Skill      XL: |  1  2  3  4  5  6  7 |
---------------+----------------------+-----
Conjurations   | 2 3 6 |  6.4
Poison Magic   | 1 3 |  3.0
Air Magic      | 1 3 |  3.0
Dodging        | 4 |  4.0
Spellcasting   | 5 |  5.0
Stealth        | |  2.5
Summonings     | |  1.1
Translocations | |  1.1

Action                     |  1- 3 |  4- 6 |  7- 9 || total
---------------------------+-------+-------+-------++-------
  Melee: Dagger            |    11 |    55 |     6 ||    72
   Cast: Magic Dart        |    86 |   102 |    24 ||   212
         Mephitic Cloud    |     2 |     3 |     3 ||     8
         Cigotuvi's Dreadf |       |     1 |       ||     1
         Blink             |       |       |     1 ||     1
   Stab: Confused          |     2 |       |       ||     2
         Sleeping          |       |     2 |       ||     2
 Armour: Robe              |     6 |    11 |     2 ||    19
  Dodge: Dodged            |    23 |    36 |    12 ||    71

Table legend: (Time is in decaauts)
 A = Elapsed time spent in this place.
 B = Non-inter-level travel time spent in this place.
 C = Inter-level travel time spent in this place.
 D = Time resting spent in this place.
 E = Time spent auto-exploring this place.
 F = Levels seen in this place.
 G = Mean time per level.
                   A        B        C        D        E       F      G
               +--------+--------+--------+--------+--------+-----+--------+
         Total |   5038 |   4831 |    207 |    186 |   4043 |   6 |  839.7 |
       Dungeon |   4990 |   4829 |    161 |    186 |   4043 |   5 |  998.0 |
        Temple |     47 |      1 |     46 |      0 |      0 |   1 |   47.0 |
               +--------+--------+--------+--------+--------+-----+--------+

Top non-repeatable levels by time:
     D:1: 1254 daAuts
     D:4: 1141 daAuts
     D:2: 1059 daAuts
     D:3: 1008 daAuts
     D:5: 526 daAuts
  Temple: 47 daAuts
